 Dungeon Crawl Stone Soup version 0.20.0-8-g6b59dc7 (webtiles) character file.

48 Darkell the Slasher (level 3, -1/21 HPs)
             Began as a Tengu Gladiator on May 31, 2017.
             Shot with a stone by a goblin (4 damage)
             ... on level 2 of the Dungeon.
             The game lasted 00:01:03 (793 turns).

Darkell the Slasher (Tengu Gladiator)                Turns: 793, Time: 00:01:04

Health: -1/21      AC:  3    Str: 15    XL:     3   Next: 72%
Magic:  4/4        EV: 14    Int:  8    God:
Gold:   111        SH:  0    Dex: 15    Spells: 2/2 levels left

rFire    . . .     SeeInvis .   a - +0 long sword
rCold    . . .     Gourm    .   (no shield)
rNeg     . . .     Faith    .   b - +0 leather armour
rPois    .         Spirit   .   c - +0 hat
rElec    .         Reflect  .   (no cloak)
rCorr    .         Harm     .   (no gloves)
MR       .....                  (boots unavailable)
Stlth    +.........             (no amulet)
Regen    0.1/turn               (no ring)
MPRegen  0.1/turn               (no ring)

@: no status effects
A: beak, talons 3
a: no special abilities


You were on level 2 of the Dungeon.
You were not hungry.

You visited 1 branch of the dungeon, and saw 2 of its levels.

You collected 111 gold pieces.

Inventory:

Hand Weapons
 a - a +0 long sword (weapon)
Missiles
 d - 3 throwing nets (quivered)
Armour
 b - a +0 leather armour (worn)
 c - a +0 hat (worn)
Scrolls
 g - a scroll of identify {unknown}
 i - a scroll of random uselessness {unknown}
 j - a scroll of magic mapping {unknown}
 k - a scroll of enchant armour {unknown}
Potions
 e - a potion of flight {unknown}
 h - a potion of invisibility {unknown}
Comestibles
 f - 2 bread rations


   Skills:
 + Level 2.2 Fighting
 + Level 4.0 Long Blades
 + Level 2.2 Throwing
 + Level 0.2 Armour
 + Level 3.9 Dodging
 + Level 0.7 Stealth


You had 2 spell levels left.
You didn't know any spells.

Dungeon Overview and Level Annotations

Branches:
Dungeon (2/15)

Altars:


Innate Abilities, Weirdness & Mutations

You have a beak for a mouth.
You have claws for feet.


Message History

The bat completely misses you.
The giant cockroach waves its antennae.
The giant cockroach barely misses you.
You hit the giant cockroach. Your kick misses the giant cockroach.
Your peck misses the giant cockroach.
The giant cockroach is severely wounded.
The bat barely misses you.
You riposte.
You closely miss the bat. You claw the bat.
The bat is heavily wounded.
The giant cockroach barely misses you.
You riposte.
You hit the giant cockroach but do no damage.
The giant cockroach is severely wounded.
The bat misses you.
You riposte.
You closely miss the bat. Your kick misses the bat.
You peck the bat, but do no damage.
The bat is heavily wounded.
The giant cockroach closely misses you.
You riposte.
You hit the giant cockroach. You claw the giant cockroach.
You kill the giant cockroach!
The bat barely misses you.
The goblin shoots a stone.
The stone hits you.
You die...

#### ## ###... .. ..# .....
...... .. ..#####.#..# #... #.
#..........# #... #.
####.##.#........# #### #.
#.......#......... ## #..
#........#b....# ##. #?..
#......g.@.....##. ##..
#..###........#.......... #..#
#.............(....####....#.##
#..##............# #.......
#†.#..!..(.....(# #.......
##....$.........# ##.....)
#####..........### #......
.................# #####.###
.....#.........#... .........


You could see a goblin and a bat.

Vanquished Creatures
  A dart slug (D:2)
  3 leopard geckos (D:1)
  6 bats
  3 giant cockroaches
  3 goblins (D:1)
  5 hobgoblins
  4 jackals (D:1)
  A quokka (D:2)
  6 frilled lizards
  5 kobolds
  4 rats
41 creatures vanquished.

Notes
Turn   | Place    | Note
-------+----------+-------------------------------------------
     0 | D:1      | Darkell the Tengu Gladiator began the quest for the Orb.
     0 | D:1      | Reached XP level 1. HP: 12/12 MP: 2/2
    33 | D:1      | Reached XP level 2. HP: 14/17 MP: 3/3
   304 | D:1      | Reached XP level 3. HP: 21/21 MP: 4/4
   782 | D:2      | Reached skill level 4 in Long Blades
   793 | D:2      | Shot with a stone by a goblin

Skill      XL: |  1  2  3 |
---------------+----------+-----
Long Blades    | 4 |  4.0
Fighting       | |  2.2
Throwing       | |  2.2
Armour         | |  0.2
Dodging        | |  3.9
Stealth        | |  0.7

Action                   || total
-------------------------++-------
Melee: Long sword        ||    69
       Peck              ||    14
       Kick              ||    13
 Stab: Sleeping          ||     1
Armor: Leather armour    ||    18
Dodge: Dodged            ||    74
       Rpst.: Long sword ||    22
